AoeStats
← darador86

Arena

508568575Analyzed
4v4 RM · 11d ago on Sep 23, 2026· 42m 31s· 8 players
Game mode
Random Map
Map size
Large (8 player)
Population
200
Speed
Normal
Resources
Standard
Victory
Conquest
Starting age
Dark Age
Ending age
Imperial Age
RankedLock teamsTeams togetherTeam positionsShared explorationLock speedFull tech treeHidden civsTurbo modeCheats
Victory
Defeat
🇨🇷 Bohemians · Costa Rica
889
+12
🇨🇷 Portuguese · Costa Rica
796
+16
🇦🇷 Huns · Argentina
690
+20
🇵🇱 Poles · Poland
648
+22
🇺🇸 Huns · United States
834
-19
🇺🇸 Danes · United States
813
-19
🇲🇽 Spanish · Mexico
789
-18
🇩🇴 Danes · Dominican Republic
710
-14
Sow
0:52 Loom
11:43 Feudal Age
12:29 Horse Collar
12:48 Double-Bit Axe
18:43 Castle Age
18:19 Scale Barding Armor
18:19 Padded Archer Armor
19:50 Heavy Plow
21:39 Stone Mining
21:42 Gold Mining
22:54 Fletching
24:23 Bloodlines
24:36 Husbandry
25:40 Scale Barding Armor
26:29 Forging
29:25 Wheelbarrow
30:05 Chain Barding Armor
30:21 Iron Casting
30:02 Leather Archer Armor
34:51 Imperial Age
37:31 Bow Saw
38:37 Conscription
Paul George
1:35 Loom
Nothing happened, go cry!
23:47 Feudal Age
29:01 Castle Age
26:56 Double-Bit Axe
28:17 Loom
ABSENT007
5:28 Loom
12:07 Feudal Age
13:17 Double-Bit Axe
13:14 Horse Collar
14:04 Gold Mining
14:56 Wheelbarrow
16:47 Stone Mining
23:24 Castle Age
21:57 Scale Barding Armor
24:14 Bloodlines
24:07 Husbandry
24:21 Forging
24:46 Heavy Plow
26:53 Gold Shaft Mining
27:03 Iron Casting
27:19 Bow Saw
28:18 Marauders
28:42 Chain Barding Armor
30:06 Hand Cart
35:22 Imperial Age
37:28 Conscription
37:46 Plate Barding Armor
38:27 Blast Furnace
38:14 Elite Tarkan
vctortierrez.94
0:41 Loom
11:35 Feudal Age
12:22 Double-Bit Axe
12:35 Gold Mining
19:05 Castle Age
17:34 Stone Mining
17:44 Horse Collar
19:54 Wheelbarrow
22:49 Hand Cart
23:32 Elite Skirmisher
24:37 Bow Saw
28:09 Heavy Plow
28:50 Pikeman
34:37 Imperial Age
37:20 Imperial Age
41:30 Hand Cart
Ros33
0:40 Loom
10:46 Feudal Age
12:45 Wheelbarrow
17:30 Castle Age
24:26 Horse Collar
27:58 Heavy Plow
30:18 Stone Mining
30:19 Gold Mining
31:10 Hand Cart
30:40 Town Watch
34:49 Imperial Age
32:21 Treadmill Crane
32:38 Murder Holes
33:27 Town Patrol
33:24 Light Cavalry
35:32 Forging
35:22 Scale Mail Armor
35:31 Scale Barding Armor
35:57 Conscription
35:34 Elite Obuch
37:09 Ballistics
37:51 Chemistry
36:42 Guard Tower
36:41 Arrowslits
36:59 Arson
37:17 Squires
39:59 Szlachta Privileges
40:39 Caravan
41:40 Fortified Wall
41:22 Guard Tower
41:43 Masonry
43:34 Stone Shaft Mining
43:31 Crop Rotation
42:49 Double-Bit Axe
Yoakin1298
9:26 Feudal Age
13:27 Loom
15:45 Castle Age
15:02 Double-Bit Axe
17:28 Horse Collar
18:02 Bow Saw
18:37 Fervor
23:06 Heavy Plow
24:33 Wheelbarrow
28:48 Imperial Age
26:26 Town Watch
26:29 Loom
27:06 Redemption
29:15 Fletching
29:50 Ballistics
30:55 Chemistry
31:56 Two-Man Saw
32:48 Siege Engineers
32:14 Crossbowman
33:47 Hand Cart
33:33 Arbalester
34:45 Bodkin Arrow
34:51 Padded Archer Armor
34:54 Murder Holes
35:29 Bracer
36:04 Town Patrol
36:24 Leather Archer Armor
37:53 Ring Archer Armor
darador86
11:39 Feudal Age
12:36 Double-Bit Axe
14:12 Gold Mining
17:34 Castle Age
18:02 Horse Collar
19:02 Gold Shaft Mining
18:23 Stone Mining
19:37 Bow Saw
22:42 Heavy Plow
25:58 Wheelbarrow
25:45 Town Watch
26:34 Caravan
28:06 Town Patrol
28:31 Hand Cart
32:41 Imperial Age
31:23 Forging
31:13 Scale Mail Armor
31:19 Scale Barding Armor
31:04 Fletching
31:15 Padded Archer Armor
31:21 Padded Archer Armor
31:46 Masonry
31:41 Murder Holes
33:02 Elite Tarkan
34:05 Conscription
35:00 Marauders
36:28 Chemistry
36:53 Husbandry
37:06 Bloodlines
37:24 Atheism
40:19 Iron Casting
39:59 Chain Mail Armor
40:05 Chain Barding Armor
Connection lost

Rejoining the realm…

Still unreachable

The connection could not be restored.

Session expired

The server has moved on; the page needs a fresh start.